 Dungeon Crawl Stone Soup version 0.30-a0-174-gbc10bd73c2 (webtiles) character file.

Game seed: 88151774545667450

377 qw the Chopper (level 6, -4/38 HPs)
             Began as a Gargoyle Fighter on Oct 1, 2022.
             Slain by a gnoll
             ... wielding a +0 halberd
             ... led by a gnoll bouda
              (7 damage)
             ... on level 4 of the Dungeon.
             The game lasted 00:00:57 (2733 turns).

qw the Chopper (Gargoyle Fighter)                   Turns: 2733, Time: 00:00:58

Health: -4/38      AC: 13    Str: 22    XL:     6   Next: 73%
Magic:  6/6        EV:  7    Int:  8    God:
Gold:   131        SH:  6    Dex:  9    Spells: 5/5 levels left

rFire   . . .      SeeInvis .    Y - +1 war axe
rCold   . . .      Faith    .    g - +2 buckler
rNeg    + . .      Spirit   .    k - +0 chain mail
rPois   inf        Reflect  .    (no helmet)
rElec   +          Harm     .    (no cloak)
rCorr   .          Rampage  .    (no gloves)
Will    .....                    (no boots)
Stlth   ..........               (no amulet)
HPRegen 0.26/turn                (no ring)
MPRegen 0.10/turn                (no ring)

@: no status effects
A: sickness immunity, AC +4, negative energy resistance 1, electricity
resistance, torment resistance 1, petrification resistance
a: no special abilities


You were on level 4 of the Dungeon.
You visited 1 branch of the dungeon, and saw 4 of its levels.

You collected 131 gold pieces.


Innate Abilities, Weirdness & Mutations

You are immune to sickness and miasma.
Your stone body is resilient. (AC +4)
You are immune to poison.
You resist negative energy. (rN+)
You are resistant to electric shocks. (rElec)
You are resistant to unholy torment.
You are immune to petrification.


   Skills:
 - Level 4.2 Fighting
 + Level 5.6 Axes
 - Level 1.1 Throwing
 - Level 3.2 Armour
 - Level 0.2 Dodging
 - Level 3.2 Shields


You had 5 spell levels left.
You didn't know any spells.
Your spell library was empty.

Inventory:

Hand Weapons
 c - a +0 flail
 Y - a +1 war axe (weapon)
Missiles
 o - a javelin (quivered)
Armour
 g - a +2 buckler (worn)
 k - a +0 chain mail (worn)
 m - a +2 robe of resistance
Potions
 d - a potion of might
 e - a potion of mutation {unknown}
 i - a potion of curing
 j - a potion of haste
 n - a potion of attraction
 p - a potion of cancellation {unknown}
 q - a potion of heal wounds {unknown}

Dungeon Overview and Level Annotations

Branches:
Dungeon (4/15)
 Temple: D:4-7

Altars:


Message History

The black bear is heavily wounded.
The black bear bites you but does no damage.
You block the black bear's attack. The black bear claws you.
The black bear bites you but does no damage.
The black bear claws you but does no damage.
The black bear closely misses you.
You slash the black bear!
The black bear is severely wounded.
Your surroundings suddenly seem different. 2 gnolls, an endoplasm, an adder and a wyvern come into view.
Found a spear.
Found a stone staircase leading down.
The adder hisses angrily.
Enter note: You barely miss the adder.
You hit the endoplasm. The adder barely misses you. The endoplasm freezes you.
You are frozen.
You hit the endoplasm.
You kill the endoplasm!
You hit the adder. The adder barely misses you.
The gnoll bouda barks out a call to the hunt!
The gnoll picks up the pace!
A gnoll comes into view. It is wielding a +0 club.
A gnoll comes into view. It is wielding a +0 spear.
The adder completely misses you. You block the wyvern's attack.
A gnoll comes into view. It is wielding a +0 halberd.
The gnoll shouts!
You hear a shout!
The gnoll shouts!
You slash the adder!
You kill the adder!
You slash the wyvern! The wyvern bites you.
A gnoll comes into view. It is wielding a +0 spear.
You hit the wyvern.
The wyvern is heavily wounded.
The wyvern bites you but does no damage.
The wyvern barely misses you.
The gnoll hits you from afar with a +0 halberd!
You die...

#..# #..# .
###..## .. #
.>...##... #).
##.....g...
#...#....g..#
#........g..#
......l@gg..#
.#.....%...g...
##.#.....#####
# #.##.## .. ..
##. .## # .# .#


You could see a wyvern, a gnoll bouda and 5 gnolls.

Vanquished Creatures
  Sigmund (D:2)
  3 hounds
  4 adders
  A worm (D:3)
  6 dart slugs
  4 orcs (D:3)
  3 endoplasms
  3 giant cockroaches (D:2)
  5 goblins
  7 hobgoblins
  9 jackals
  6 quokkas
  5 ball pythons
  7 bats
  3 frilled lizards
  4 kobolds (D:1)
  5 rats
76 creatures vanquished.

Notes
Turn   | Place    | Note
-------+----------+-------------------------------------------
     0 | D:1      | qw the Gargoyle Fighter began the quest for the Orb.
     0 | D:1      | Reached XP level 1. HP: 14/14 MP: 1/1
     0 | D:1      | 0 ||| qw: Version: 0.2-a-13-gfc7b4b4
     0 | D:1      | 0 ||| qw: Game counter: 1890
     0 | D:1      | 0 ||| qw: Always use a shield: true
     0 | D:1      | 0 ||| qw: God list: Okawaru
     0 | D:1      | 0 ||| qw: Allow faded altars: false
     0 | D:1      | 0 ||| qw: Do Orc after D:15 true
     0 | D:1      | 0 ||| qw: Do second Lair branch before Depths: true
     0 | D:1      | 0 ||| qw: Lair rune preference: random
     0 | D:1      | 0 ||| qw: Plans: Normal, Zot:1-4, God:TSO, Crypt, Tomb,
                  | Pan, Slime:5, Hells, Abyss, Orb
     0 | D:1      | 0 ||| PLANNING D:1-11
    14 | D:1      | Found a faded altar of an unknown god.
    43 | D:1      | Reached skill level 2 in Axes
    43 | D:1      | 43 ||| Stepping ~*~*~tactically~*~*~ (stealth).
   171 | D:1      | Reached XP level 2. HP: 19/19 MP: 2/2
   386 | D:1      | Reached skill level 3 in Axes
   390 | D:1      | Reached XP level 3. HP: 17/23 MP: 3/3
   606 | D:1      | 606 ||| Stepping ~*~*~tactically~*~*~ (stealth).
   611 | D:1      | 611 ||| Stepping ~*~*~tactically~*~*~ (stealth).
   844 | D:1      | 844 ||| DROPPING scarf of shadows.
   845 | D:1      | 845 ||| UPGRADING to +2 buckler.
   855 | D:1      | 855 ||| DROPPING +0 buckler.
   901 | D:2      | 901 ||| Stepping ~*~*~tactically~*~*~ (stealth).
   968 | D:2      | Reached XP level 4. HP: 28/28 MP: 4/4
   974 | D:2      | 974 ||| Stepping ~*~*~tactically~*~*~ (stealth).
   976 | D:2      | 976 ||| Stepping ~*~*~tactically~*~*~ (hiding).
   986 | D:2      | Reached skill level 4 in Axes
  1213 | D:2      | Noticed Sigmund
  1219 | D:2      | Killed Sigmund
  1220 | D:2      | Reached skill level 5 in Axes
  1220 | D:2      | Reached XP level 5. HP: 31/32 MP: 5/5
  1220 | D:2      | Reached XP level 6. HP: 36/37 MP: 6/6
  1476 | D:2      | 1476 ||| Stepping ~*~*~tactically~*~*~ (hiding).
  1480 | D:2      | 1480 ||| Stepping ~*~*~tactically~*~*~ (hiding).
  1715 | D:2      | 1715 ||| READING scroll labelled INWEISORHU.
  1719 | D:2      | 1719 ||| READING scroll labelled KOBLUM INITU.
  1720 | D:2      | 1720 ||| READING scroll labelled TEYNNAMUSCH.
  1721 | D:2      | 1721 ||| DRINKING 2 murky white potions.
  1807 | D:3      | 1807 ||| DROPPING +0 whip.
  1835 | D:3      | 1835 ||| Stepping ~*~*~tactically~*~*~ (hiding).
  1956 | D:3      | 1956 ||| Stepping ~*~*~tactically~*~*~ (stealth).
  2618 | D:3      | 2618 ||| UPGRADING to +0 chain mail.
  2628 | D:3      | 2628 ||| DROPPING +0 scale mail.
  2629 | D:3      | 2629 ||| READING 2 scrolls labelled PUATOP IDOINK.
  2658 | D:3      | 2658 ||| READING scroll labelled RADGHU PEGUSAE.
  2659 | D:3      | 2659 ||| DRINKING 2 glowing orange potions.
  2660 | D:3      | 2660 ||| DRINKING 2 fizzy clear potions.
  2661 | D:3      | 2661 ||| DRINKING 2 green potions.
  2662 | D:3      | 2662 ||| DROPPING scroll of torment.
  2663 | D:3      | 2663 ||| DROPPING potion of flight.
  2717 | D:4      | Noticed a black bear
  2726 | D:4      | HP: 9/38 [black bear (3)]
  2727 | D:4      | Reached skill level 1 in Throwing
  2727 | D:4      | 2727 ||| READING scroll of teleportation.
  2729 | D:4      | Noticed a wyvern
  2732 | D:4      | HP: 2/38 [wyvern (6)]
  2733 | D:4      | Slain by a gnoll

Levels and vault maps discovered:
D:1:      lightli_arrival_flooded_house, layout_basic, basic_ecumenical_altar,
          minmay_misc_feat_secret_circle, nicolae_titane
D:2:      layout_basic, uniq_sigmund
D:3:      layout_loops_ring
D:4:      layout_loops_ring, dk_noncrumbling_2

Skill      XL: |  1  2  3  4  5  6 |
---------------+-------------------+-----
Axes           | 2 3 5 |  5.6
Fighting       | 4 |  4.2
Throwing       | 1 |  1.1
Armour         | |  3.2
Dodging        | |  0.2
Shields        | |  3.2

Action                   |  1- 3 |  4- 6 || total
-------------------------+-------+-------++-------
Melee: War axe           |   101 |    98 ||   199
Throw: Javelin           |       |    13 ||    13
  Use: Scroll            |       |     6 ||     6
       Potion            |       |     4 ||     4
Armor: Scale mail        |    57 |    38 ||    95
       Chain mail        |       |    18 ||    18
Dodge: Dodged            |    47 |    44 ||    91
Block: Buckler           |    27 |    28 ||    55

Table legend:
 A = Non-vault XP
 B = Vault XP
 C = Vault XP percentage of total XP
 D = Non-vault monster count
 E = Vault monster count
 F = Vault count percentage of total count
                 A         B        C        D         E       F
            +---------+---------+-------+---------+---------+-------
      Total |     316 |     223 |  41.4 |      75 |       1 |   1.3
            +---------+---------+-------+---------+---------+-------
        D:1 |      53 |       0 |   0.0 |      30 |       0 |   0.0
        D:2 |      81 |     223 |  73.4 |      21 |       1 |   4.5
        D:3 |     124 |       0 |   0.0 |      21 |       0 |   0.0
        D:4 |      58 |       0 |   0.0 |       3 |       0 |   0.0
            +---------+---------+-------+---------+---------+-------
